 Dungeon Crawl Stone Soup version 0.31.0-11-ge490571c62 (webtiles) character file.

Game seed: 16109101768663554598

3701 Ashen the Ruffian (level 9, -3/88 (89) HPs)
             Began as a Troll Shapeshifter on Jan 31, 2024.
             Was a Priest of Wu Jian.
             Shot with an arrow by a centaur (10 damage)
             ... on level 8 of the Dungeon.
             The game lasted 00:13:18 (4624 turns).

Ashen the Ruffian (Troll Shapeshifter)              Turns: 4624, Time: 00:13:18

HP:   -3/88 (89)    AC:  6    Str: 24    XL:     9   Next: 91%
MP:   8/8           EV: 16    Int:  6    God:    Wu Jian [***...]
Gold: 538           SH:  0    Dex: 13    Spells: 8/8 levels left

rFire   . .          .
                       - Unarmed
rCold   + . .        (shield currently unavailable)
rNeg    . . .        a - melded +0 animal skin
rPois   .            (helmet restricted)
rElec   .            (no cloak)
rCorr   .            (gloves unavailable)
SInv    .            (boots unavailable)
Will    .....        t - amulet of regeneration
Stlth   +            r - ring of protection from cold
HPRegen 1.94/turn    b - +4 ring of protection
MPRegen 0.11/turn

%: no passive effects
@: flux-form, glowing, lightly drained
A: glow, contaminating, large, unfitting armour, claws 3, regeneration 1, shaggy
fur 1, tough skin 1
a: Begin Untransformation, Renounce Religion, Wall Jump, Serpent's Lash


You were on level 8 of the Dungeon.
You worshipped Wu Jian.
Wu Jian was most pleased with you.
You were something dangerously unstable.
You visited 1 branch of the dungeon, and saw 8 of its levels.
You also visited: Sewer.

You collected 538 gold pieces.

Inventory:

Missiles
 y - 6 poisoned darts (quivered)
 J - 3 throwing nets
Armour
 a - a +0 animal skin (melded)
Jewellery
 b - a +4 ring of protection (right claw)
 r - a ring of protection from cold (left claw)
 s - an amulet of the acrobat
 t - an amulet of regeneration (around neck)
 D - a ring of protection from cold
 E - a ring of flight
 G - a ring of protection from fire
 L - a +6 ring of dexterity
 P - an amulet of reflection
Talismans
 c - a beast talisman
 d - a flux talisman (active)
Wands
 C - a wand of quicksilver (11)
 H - a wand of flame (21)
 I - a wand of iceblast (9)
 K - a wand of polymorph (8)
 M - a wand of paralysis (1)
Scrolls
 f - a scroll of enchant armour {unknown}
 h - 9 scrolls of identify {unknown}
 i - a scroll of fog {unknown}
 m - 2 scrolls of amnesia {unknown}
 n - 3 scrolls of vulnerability {unknown}
 q - 2 scrolls of blinking {unknown}
 v - a scroll of fear {unknown}
 z - a scroll of noise {unknown}
 F - a scroll of teleportation {unknown}
 N - a scroll of enchant weapon {unknown}
Potions
 e - a potion of ambrosia {unknown}
 g - a potion of berserk rage {unknown}
 j - 2 potions of magic {unknown}
 k - 3 potions of brilliance {unknown}
 l - 4 potions of curing {unknown}
 o - a potion of resistance {unknown}
 p - 3 potions of might {unknown}
 u - a potion of invisibility {unknown}
 w - 2 potions of cancellation {unknown}
 x - 4 potions of heal wounds {unknown}
 A - 2 potions of mutation {unknown}
 B - a potion of degeneration {unknown}
 O - a potion of lignification


   Skills:
 + Level 5.9 Fighting
 + Level 6.1 Dodging
 + Level 7.7 Unarmed Combat
 + Level 7.2 Shapeshifting


You had 8 spell levels left.
You didn't know any spells.
Your spell library contained the following spells:

 Spells                   Type           Power      Damage    Failure   Level
 Summon Small Mammal      Summ           0%         N/A       45%         1
 Mercury Vapours          Alch/Air       0%         N/A       58%         2
 Call Canine Familiar     Summ           0%         N/A       83%         3
 Dazzling Flash           Conj/Hex       0%         N/A       83%         3
 Stone Arrow              Conj/Erth      0%         3d7       83%         3
 Volatile Blastmotes      Fire/Tloc      0%         2d10      83%         3
 Airstrike                Air            0%         2d(0-16)  99%         4
 Summon Blazeheart Golem  Fire/Summ      0%         N/A       99%         4
 Starburst                Conj/Fire      0%         6d3       100%        6
 Maxwell's Capacitive Co  Air            0%         ∞         100%        8


Dungeon Overview and Level Annotations

Branches:
Dungeon (8/15)             Temple (0/1) D:7           Sewer (visited)
   Lair: D:8-11

Altars:
Nemelex Xobeh
Wu Jian

Shops:
D:1 [

Annotations:
D:5 Menkaure


Innate Abilities, Weirdness & Mutations

You are something dangerously unstable.
You glow with magical radiation, making you easy to see and hit.
Foes you strike become dangerously contaminated with magical radiation.
You are incapable of wielding weapons or throwing items.
You are too large for most types of armour.
You have claws for hands.
Your natural rate of healing is unusually fast.
You are covered in fur. (AC +1)
You have tough skin. (AC +1)


Message History

The centaur shoots an arrow.
The orc wizard points at you and mumbles some strange words.
The orc priest invokes the aid of Beogh against you.
Beogh smites you!
Something hits the centaur but does no damage.
Reactivating autopickup.
The orc priest mumbles some strange prayers to Beogh against you.
Beogh smites you!
The centaur shoots an arrow.
The arrow misses you.
The orc priest mumbles some strange prayers to Beogh against you.
Beogh smites you!
The orc wizard casts a spell.
The orc wizard flickers and vanishes!
Deactivating autopickup; reactivate with Ctrl-A.
Things that are here:
a +0 club; a +0 dagger; a +0 leather armour The orc priest mumbles some strange prayers to Beogh against you.
Beogh smites you!
The centaur shoots an arrow.
The arrow hits you.
The centaur shoots an arrow.
The arrow closely misses you.
The orc priest invokes the aid of Beogh against you.
Beogh smites you!
* * * LOW HITPOINT WARNING * * *
You bump into the rock wall.
You feel less confused.
The centaur shoots an arrow.
The arrow hits you!
* * * LOW HITPOINT WARNING * * *
The orc priest looks encouraged for a moment.
The centaur shoots an arrow.
The arrow barely misses you.
Aiming: Paralyse
Press: ? - help, Shift-Dir - straight line, f - centaur
Aim: a centaur, wielding a +0 orcbow (chance to affect: 49%)
The centaur resists with some effort.
The orc priest casts a cantrip, but nothing happens.
The centaur shoots an arrow.
The arrow hits you!
* * * LOW HITPOINT WARNING * * *
Aiming: Paralyse
Press: ? - help, Shift-Dir - straight line, f/p - centaur
Aim: a centaur, wielding a +0 orcbow (chance to affect: 49%)
The centaur resists with some effort.
The centaur shoots an arrow.
The arrow hits you!
You die...

#.# #.# #.# #.#
#.####.#
#.###.....[. ###
#..........> ....
#####.####.# .....
.#####..####.#
....oo#####
.............#
....o.c)..#
######..#####.
.....{###p# #.<#
#. .....
#.########.######.
....
#.................
##.
#..###.##.........
# #..#
#.....#######
##.###.###.#
#.....# #.#
###.### #.# #[#
#.#


You could see a centaur, 2 orc priests and an orc.

Vanquished Creatures
  An unseen horror (D:7)
  A komodo dragon (D:8)
  Sigmund (D:5)
  Eustachio (D:4)
  2 water moccasins
  An ice beast (D:6)
  A black bear (D:4)
  An ogre (D:5)
  2 centaurs
  2 kobold brigands (Sewer)
  4 bullfrogs
  A gnoll sergeant (D:7)
  2 scorpions
  4 wights (D:8)
  8 killer bees (D:7)
  3 bombardier beetles
  6 jellies
  An orc priest (D:5)
  4 hounds
  A gnoll bouda (D:6)
  4 iguanas (D:5)
  4 orc wizards
  15 gnolls
  A river rat (D:4)
  10 adders
  2 shadow imps (D:5)
  2 white imps
  6 ufetubi
  3 ribbon worms
  2 dart slugs (D:1)
  19 orcs
  8 ball pythons
  3 bats
  7 endoplasms
  3 giant cockroaches
  8 goblins
  4 hobgoblins
  3 jackals (D:4)
  6 quokkas
  2 frilled lizards (Sewer)
  18 kobolds
  9 rats
186 creatures vanquished.

Vanquished Creatures (others)
  An orc wizard (D:8)
1 creature vanquished.

Grand Total: 187 creatures vanquished

Notes
Turn   | Place    | Note
-------+----------+-------------------------------------------
     0 | D:1      | Ashen the Troll Shapeshifter began the quest for the Orb.
     0 | D:1      | Reached XP level 1. HP: 18/18 MP: 0/0
    95 | D:1      | Reached skill level 1 in Fighting
   100 | D:1      | Reached XP level 2. HP: 25/27 MP: 1/1
   223 | D:1      | Found a faded altar of an unknown god.
   333 | D:1      | Found Saenuysh's Antique Armour Emporium.
   606 | D:2      | Reached XP level 3. HP: 26/33 MP: 2/2
   639 | D:2      | Identified the +3 sling "Manib" {freeze, rF+++ rC+ Int-4}
  1180 | D:2      | Reached XP level 4. HP: 38/41 MP: 3/3
  1351 | D:3      | Reached XP level 5. HP: 48/49 MP: 4/4
  1394 | D:3      | Got the Octavo of the Rocky Nimbus
  1697 | D:4      | Found an ornate altar of the Wu Jian Council.
  1724 | D:4      | Became a worshipper of the Wu Jian Council
  1781 | D:4      | Found a glowing drain.
  1810 | Sewer    | Entered a sewer
  1895 | Sewer    | Reached XP level 6. HP: 55/59 MP: 5/5
  1963 | Sewer    | Reached * piety under Wu Jian
  2108 | D:4      | Reached XP level 7. HP: 67/67 MP: 6/6
  2457 | D:4      | Noticed Eustachio
  2484 | D:4      | Killed Eustachio
  2485 | D:4      | Reached skill level 5 in Unarmed Combat
  2654 | D:5      | Entered Level 5 of the Dungeon
  2654 | D:5      | Noticed Menkaure
  2697 | D:5      | Reached skill level 5 in Shapeshifting
  2704 | D:5      | Reached ** piety under Wu Jian
  2764 | D:5      | Reached XP level 8. HP: 78/78 MP: 7/7
  2811 | D:5      | Noticed Sigmund
  2815 | D:5      | Killed Sigmund
  3250 | D:6      | Reached skill level 5 in Dodging
  3429 | D:6      | Reached XP level 9. HP: 52/87 MP: 8/8
  3611 | D:7      | Reached skill level 5 in Fighting
  3613 | D:7      | Reached *** piety under Wu Jian
  3730 | D:7      | Found a staircase to the Ecumenical Temple.
  3824 | D:7      | Noticed an unseen horror
  3835 | D:7      | Killed an unseen horror
  4129 | D:7      | Found a sparkling altar of Nemelex Xobeh.
  4344 | D:8      | Noticed a komodo dragon
  4452 | D:8      | Killed a komodo dragon
  4624 | D:8      | Shot with an arrow by a centaur

Illustrated notes

Levels and vault maps discovered:
D:1:      dpeg_arrival_rooms_b, layout_basic,
          shapermc_ecumenical_altar_starsandcircs, serial_shops,
          nicolae_shop_real_fake_doors, minmay_misc_feat_four_crosses
D:2:      layout_loops_ring, minmay_misc_feat_hallway
D:3:      layout_rooms
D:4:      layout_basic, mainiacjoe_overflow_catwalk, portal_sewer_entry_a,
          minmay_circle_x, uniq_eustachio
D:5:      layout_cave_pools, nicolae_overflow_hidden_temple, uniq_menkaure,
          uniq_sigmund
D:6:      layout_loops_ring
D:7:      layout_loops_cross, amcnicky_altar_gilded, minmay_temple_entry_grid,
          nrook_mini_vaults, minivault_27
D:8:      layout_loops_ring

Skill      XL: |  1  2  3  4  5  6  7  8  9 |
---------------+----------------------------+-----
Fighting       | 1 2 3 4 5 |  5.9
Dodging        | 2 3 4 5 6 |  6.1
Unarmed Combat | 4 5 6 7 |  7.7
Shapeshifting  | 4 5 6 7 |  7.2

Action                     |  1- 3 |  4- 6 |  7- 9 || total
---------------------------+-------+-------+-------++-------
  Melee: Unarmed           |    61 |   128 |   293 ||   482
         Punch             |     2 |     3 |     8 ||    13
Ability: Lunge             |       |    11 |    27 ||    38
         Whirlwind         |       |       |     1 ||     1
  Evoke: Wand              |       |       |     3 ||     3
    Use: Potion            |       |       |     1 ||     1
   Stab: Sleeping          |     1 |     1 |     1 ||     3
 Armour: Animal skin       |    39 |    60 |    87 ||   186
         Skin              |       |       |   176 ||   176
  Dodge: Dodged            |    23 |    48 |   194 ||   265
   Form: Flux              |       |       |     1 ||     1
